 Dungeon Crawl Stone Soup version 0.16-a0-890-g98fc465 (webtiles) character file.

1220 Herrn the Chopper (level 8, -6/51 HPs)
             Began as a Tengu Fighter on Sept 29, 2014.
             Was a Follower of the Shining One.
             Mangled by an ogre
             ... wielding a +0 giant spiked club
              (15 damage)
             ... on Level 6 of the Dungeon.
             The game lasted 00:24:30 (5733 turns).

Herrn the Chopper (Tengu Fighter)                   Turns: 5733, Time: 00:24:30

HP  -6/51        AC 17     Str 17      XL: 8   Next: 47%
MP  10/13        EV  6     Int  9      God: the Shining One [*.....]
Gold 125         SH 10     Dex 15      Spells:  0 memorised,  7 levels left

rFire  + . .     SeeInvis .     a - +0 war axe
rCold  . . .     Clarity  .     v - +0 chain mail
rNeg   . . .     rCorr    .     c - +0 shield
rPois  .         rRot     .     y - +2 hat
rElec  .         Spirit   .     n - +0 cloak
SustAb .         Warding  .     h - +0 pair of gloves
rMut   .         Stasis   .     (boots unavailable)
Gourm  .                        (no amulet)
MR     .....                    D - ring of protection from fire
                                b - +3 ring of protection

@: about to teleport, flying quickly and evasively, glowing, quick, not
resistant to hostile enchantments, extremely unstealthy
A: able to fly, beak, talons 3
a: Renounce Religion


You were on level 6 of the Dungeon.
You worshipped the Shining One.
The Shining One was aware of your devotion.
You were not hungry.

You visited 2 branches of the dungeon, and saw 7 of its levels.

You collected 282 gold pieces.
You spent 157 gold pieces at shops.

Inventory:

Hand weapons
 a - a +0 war axe (weapon)
 w - a +1 battleaxe
Armour
 c - a +0 shield (worn)
 h - a +0 pair of gloves (worn)
 n - a +0 cloak (worn)
 v - a +0 chain mail (worn)
 y - a +2 hat (worn)
Magical devices
 e - a wand of polymorph (10)
 q - a wand of frost (5)
 u - a wand of disintegration (11)
 z - a wand of heal wounds (2)
 F - a wand of frost (14)
Comestibles
 d - 6 bread rations
 o - 6 meat rations
 x - a chunk of rat flesh
 H - 2 rotting chunks of hobgoblin flesh
Scrolls
 f - 2 scrolls of teleportation
 g - 4 scrolls of fog
 i - 6 scrolls of remove curse
 l - 2 scrolls of blinking {unknown}
 r - a scroll of amnesia {unknown}
 s - a scroll of magic mapping
 t - a scroll of enchant weapon {unknown}
 A - a scroll of immolation {unknown}
 B - a scroll of recharging {unknown}
Jewellery
 b - a +3 ring of protection (left hand)
 D - a ring of protection from fire (right hand)
Potions
 j - 4 potions of flight
 k - 3 potions of curing
 m - a potion of invisibility
 p - a potion of heal wounds
 C - a potion of restore abilities {unknown}
Books
 G - a book of Cantrips

   Spells                             Type                      Level
   Corona                             Hexes                        1
   Animate Skeleton                   Necromancy                   1
   Summon Small Mammal                Summoning                    1
   Apportation                        Translocation                1


   Skills:
 * Level 5.6 Fighting
 * Level 6.2 Axes
 + Level 5.4 Armour
 + Level 3.1 Dodging
 + Level 4.9 Shields
 - Level 2.1 Evocations


You had 7 spell levels left.
You didn't know any spells.

Dungeon Overview and Level Annotations

Branches:
Dungeon (6/15)             Temple (1/1) D:5

Altars:
Cheibriados
Dithmenos
Elyvilon
Fedhas
Gozag
Kikubaaqudgha
Makhleb
Nemelex Xobeh
Okawaru
Qazlal
Ru
Sif Muna
Trog
Yredelemnul
Zin
The Shining One

Shops:
D:4 [?*[!   D:5 :


Innate Abilities, Weirdness & Mutations

You can fly.
You have a beak for a mouth.
You have claws for feet.


Message History

The ogre hits you with a giant spiked club.
The shadow imp throws its arms wide.
The dead are walking!
The ogre hits you with a giant spiked club.
A big kobold zombie comes into view. It is wielding a whip.
Use which ability? (? or * to list)
You swoop lightly up into the air.
You feel somewhat more hungry.
The big kobold zombie hits you but does no damage.
The shadow imp gestures at you. Pain shoots through your body!
The ogre hits you but does no damage.
Read which item? (? for menu, Esc to quit)
As you read the scroll of teleportation, it crumbles to dust.
You feel strangely unstable.
The ogre hits you with a giant spiked club.
* * * LOW HITPOINT WARNING * * *
The shadow imp hits you.
* * * LOW HITPOINT WARNING * * *
The big kobold zombie hits you but does no damage.
The ogre hits you with a giant spiked club!
You die...

. #######.# .≈≈≈≈≈≈#.#
.......≈#.# ...[....≈#.#
≈≈≈≈≈...≈#.#
..≈.....≈#.####
...≈(?..O@#..(.##
≈≈≈⌠≈≈≈≈5OZ.....##
..%≈?....≈#......#
..≈.....≈#......#
≈≈≈≈≈...≈#......#
........≈#.....##
.......≈#....#######
.≈≈≈≈≈≈#..........#
########+#######.########.#


You could see 2 ogres, a shadow imp and a big kobold zombie.

Vanquished Creatures
  An orc warrior (D:3)
  A phantom (D:6)
  2 giant frogs (D:6)
  A big kobold (D:6)
  A scorpion (D:3)
  4 wights
  A goliath beetle (D:6)
  2 hounds (D:4)
  3 orc priests
  2 crimson imps (D:5)
  4 orc wizards
  A worker ant (D:5)
  Jessica (D:2)
  5 adders
  A giant mite (D:3)
  6 worms
  An adder skeleton (D:5)
  3 giant geckos
  2 oozes
  22 orcs
  3 ball pythons
  A bat skeleton (D:6)
  2 giant cockroaches (D:4)
  13 goblins
  8 hobgoblins
  4 jackals (D:2)
  12 bats
  3 giant newts
  A giant spore (D:6)
  A hobgoblin skeleton (D:4)
  10 kobolds
  4 quokkas
  14 rats
  A rat zombie (D:6)
141 creatures vanquished.

Vanquished Creatures (others)
  A jelly (D:6)
1 creature vanquished.

Grand Total: 142 creatures vanquished

Notes
Turn   | Place    | Note
--------------------------------------------------------------
     0 | D:1      | Herrn, the Tengu Fighter, began the quest for the Orb.
     0 | D:1      | Reached XP level 1. HP: 14/14 MP: 1/1
   150 | D:1      | Reached XP level 2. HP: 14/19 MP: 3/3
   636 | D:2      | Reached XP level 3. HP: 23/23 MP: 4/4
   652 | D:2      | Found a glowing golden altar of the Shining One.
   696 | D:2      | Became a worshipper of the Shining One
   941 | D:2      | Noticed Jessica
   953 | D:2      | Killed Jessica
   953 | D:2      | Reached XP level 4. HP: 28/28 MP: 5/5
  1829 | D:3      | Reached skill level 1 in Dodging
  1829 | D:3      | Reached XP level 5. HP: 31/33 MP: 7/7
  1919 | D:3      | Found a snail-covered altar of Cheibriados.
  2290 | D:3      | Found an ancient bone altar of Kikubaaqudgha.
  2295 | D:3      | Found a bloodstained altar of Trog.
  2327 | D:3      | Reached skill level 4 in Fighting
  2357 | D:3      | Noticed an orc warrior
  2392 | D:3      | Killed an orc warrior
  2392 | D:3      | Reached XP level 6. HP: 31/38 MP: 8/8
  2644 | D:3      | Reached skill level 1 in Evocations
  3034 | D:4      | Found Nosiykhi's General Store.
  3053 | D:4      | Acquired the Shining One's first power
  3061 | D:4      | Reached XP level 7. HP: 39/44 MP: 10/10
  3074 | D:4      | Bought a scroll of identify for 20 gold pieces
  3361 | D:4      | Found an opulent altar of Gozag.
  3401 | D:4      | Found Iwnappa's Antique Armour Shoppe.
  3412 | D:4      | Bought an embroidered hat for 88 gold pieces
  3532 | D:4      | Found Shrab's Distillery.
  3533 | D:4      | Found Twacou's Armour Emporium.
  3744 | D:4      | Found Gaukaq Smott's Magic Scroll Boutique.
  3814 | D:4      | Bought a scroll of magic mapping for 49 gold pieces
  4335 | D:5      | Entered Level 5 of the Dungeon
  4557 | D:5      | Found a staircase to the Ecumenical Temple.
  4571 | Temple   | Entered the Ecumenical Temple
  4987 | D:5      | Found Aroluan's Book Shop.
  5066 | D:5      | Reached skill level 5 in Axes
  5200 | D:5      | Reached skill level 5 in Fighting
  5223 | D:5      | Reached skill level 5 in Armour
  5229 | D:5      | Reached XP level 8. HP: 42/49 MP: 13/13
  5380 | D:6      | Noticed a wandering mushroom
  5380 | D:6      | a giant spore changed into a wandering mushroom
  5662 | D:6      | Reached skill level 6 in Axes
  5733 | D:6      | Mangled by an ogre

Action                   |  1- 3 |  4- 6 |  7- 9 || total
-------------------------+-------+-------+-------++-------
Melee: War axe           |    54 |   166 |   182 ||   402
 Abil: Fly               |       |       |     1 ||     1
Evoke: Wand              |       |     8 |     2 ||    10
  Use: Scroll            |       |     3 |     6 ||     9
       Potion            |       |     2 |     1 ||     3
  Eat: Chunk             |       |     6 |     6 ||    12
       Meat ration       |       |       |     1 ||     1
